 Dungeon Crawl Stone Soup version 0.28-a0-101-g18048e5a82 (webtiles) character file.

Game seed: 7254360895227769232

235 Loskel the Skirmisher (level 5, -1/42 HPs)
             Began as a Demonspawn Monk on Aug 10, 2021.
             Was an Elder of Vehumet.
             Succumbed to Sigmund's poison
             ... on level 5 of the Dungeon.
             The game lasted 00:15:44 (4307 turns).

Loskel the Skirmisher (Demonspawn Monk)             Turns: 4307, Time: 00:15:45

Health: -1/42      AC:  5    Str: 12    XL:     5   Next: 76%
Magic:  7/7        EV: 12    Int: 12    God:    Vehumet [****..]
Gold:   141        SH:  0    Dex: 15    Spells: 2/6 levels left

rFire   . . .      SeeInvis +   l - +1 mace (vorpal)
rCold   . . .      Faith    .   (no shield)
rNeg    . . .      Spirit   .   j - +0 leather armour
rPois   .          Reflect  .   (helmet restricted)
rElec   .          Harm     .   m - +0 cloak
rCorr   .          Rampage  .   (no gloves)
Will    .....                   g - +0 pair of boots
Stlth   ++........              (no amulet)
HPRegen 0.14/turn               a - ring of see invisible
MPRegen 0.20/turn               (no ring)

@: mighty, brilliant, lethally poisoned (-1 -> -31), attractive, hasted, very
quick
A: horns 1, talons 1, magic regeneration
a: Renounce Religion


You were on level 5 of the Dungeon.
You worshipped Vehumet.
Vehumet was greatly pleased with you.
You visited 1 branch of the dungeon, and saw 5 of its levels.

You collected 141 gold pieces.

Inventory:

Hand Weapons
 l - a +1 vorpal mace (weapon)
Armour
 g - a +0 pair of boots (worn)
 j - a +0 leather armour (worn)
 m - a +0 cloak (worn)
Jewellery
 a - a ring of see invisible (left hand)
Scrolls
 b - a scroll of enchant weapon {unknown}
 c - 2 scrolls of blinking {unknown}
 d - a scroll of enchant armour {unknown}
 h - 2 scrolls of teleportation {unknown}
 k - 2 scrolls of identify {unknown}
Potions
 i - 2 potions of attraction


   Skills:
 + Level 4.2 Fighting
 + Level 1.6 Maces & Flails
 - Level 2.9 Dodging
 - Level 1.7 Stealth
 - Level 3.2 Unarmed Combat
 + Level 1.4 Spellcasting
 + Level 2.4 Conjurations
 - Level 0.9 Fire Magic


You had 2 spell levels left.
You knew the following spells:

 Your Spells              Type           Power      Damage    Failure   Level
a - Foxfire               Conj/Fire      28%        2x1d5     5%          1
b - Stone Arrow           Conj/Erth      10%        3d7       17%         3

Your spell library contained the following spells:

 Spells                   Type           Power      Damage    Failure   Level
 Frozen Ramparts          Ice            2%         1d2       28%         3
 Call Canine Familiar     Summ           1%         N/A       73%         3
 Portal Projectile        Hex/Tloc       2%         N/A       73%         3
 Leda's Liquefaction      Hex/Erth       0%         N/A       98%         4


Dungeon Overview and Level Annotations

Branches:
Dungeon (5/15)             Temple (0/1) D:4

Altars:
Vehumet

Shops:
D:2 :   D:3 [


Innate Abilities, Weirdness & Mutations

You have a pair of small horns on your head.
You have sharp toenails.
You regenerate magic rapidly.


Message History

You feel very sick.
You closely miss Sigmund. Your headbutt misses Sigmund.
Sigmund is heavily wounded.
You feel very sick. Sigmund hits you but does no damage.
You are lethally poisoned!
Your magical contamination has completely faded away.
You barely miss Sigmund. Your headbutt misses Sigmund.
Sigmund is heavily wounded.
You feel very sick.
Sigmund hits you with a +2 scythe of venom.
You are more poisoned.
You closely miss Sigmund. Your headbutt misses Sigmund.
Sigmund is heavily wounded.
* * * LOW HITPOINT WARNING * * *
You feel extremely sick. Sigmund barely misses you.
You feel much better.
You feel very sick.
Sigmund flickers, as though insubstantial.
Sigmund hits you with a +2 scythe of venom!
You are more poisoned.
It was a potion of attraction.
You feel attractive to monsters.
* * * LOW HITPOINT WARNING * * *
You feel very sick.
You feel much better.
You feel very sick.
Sigmund hits you with a +2 scythe of venom!
You are more poisoned.
You hit Sigmund.
Sigmund is severely wounded.
* * * LOW HITPOINT WARNING * * *
You feel extremely sick.
Sigmund gestures wildly while chanting.
Sigmund flickers and vanishes for a moment.
You sock Sigmund!
You kill Sigmund!
Vehumet accepts your kill.
You die...

....# @...# ....# ..
....# .. ###### ....#
..######....######....#
.................)####
................@.#..#
.(................#..#
....................##
...........##########
...........#
...(.......#
...........#
...........#
...........#


There were no monsters in sight!

Vanquished Creatures
  Sigmund (D:5)
  2 jellies (D:4)
  A bullfrog skeleton (D:4)
  A scorpion zombie (D:5)
  2 adders (D:4)
  A white imp (D:4)
  A worm (D:3)
  2 dart slugs
  10 orcs (D:3)
  5 ball pythons
  8 bats
  7 endoplasms
  4 giant cockroaches
  4 goblins
  4 hobgoblins
  5 jackals
  6 kobolds
  4 quokkas
  2 frilled lizards
  8 rats
78 creatures vanquished.

Vanquished Creatures (others)
  148 foxfires
148 creatures vanquished.

Grand Total: 226 creatures vanquished

Notes
Turn   | Place    | Note
-------+----------+-------------------------------------------
     0 | D:1      | Loskel the Demonspawn Monk began the quest for the Orb.
     0 | D:1      | Reached XP level 1. HP: 18/18 MP: 1/1
   600 | D:1      | Found a faded altar of an unknown god.
   604 | D:1      | Gained mutation: You have a pair of small horns on your
                  | head. [demonic ancestry]
   604 | D:1      | Reached XP level 2. HP: 24/24 MP: 2/2
   611 | D:1      | Became a worshipper of Vehumet
   611 | D:1      | Reached * piety under Vehumet
   611 | D:1      | Offered knowledge of Foxfire by Vehumet.
   611 | D:1      | Reached ** piety under Vehumet
   614 | D:1      | Learned a level 1 spell: Foxfire
   700 | D:1      | Offered knowledge of Poisonous Vapours by Vehumet.
   933 | D:1      | Offered knowledge of Static Discharge by Vehumet.
  1030 | D:1      | Reached *** piety under Vehumet
  1492 | D:2      | Gained mutation: You regenerate magic rapidly. [demonic
                  | ancestry]
  1492 | D:2      | Reached XP level 3. HP: 29/29 MP: 1/3
  1769 | D:2      | Found Iczepp's Book Boutique.
  1879 | D:2      | Offered knowledge of Stone Arrow by Vehumet.
  2442 | D:3      | Reached skill level 1 in Conjurations
  2537 | D:3      | Reached XP level 4. HP: 19/35 MP: 0/5
  2701 | D:3      | Reached skill level 1 in Spellcasting
  2707 | D:3      | Learned a level 3 spell: Stone Arrow
  2999 | D:3      | Found Reapeq's Antique Armour Boutique.
  3277 | D:4      | Reached **** piety under Vehumet
  3551 | D:4      | Offered knowledge of Frozen Ramparts by Vehumet.
  3552 | D:4      | Reached skill level 4 in Fighting
  3552 | D:4      | Reached skill level 1 in Maces & Flails
  3552 | D:4      | Gained mutation: You have sharp toenails. [demonic
                  | ancestry]
  3552 | D:4      | Reached XP level 5. HP: 12/42 MP: 3/6
  3782 | D:4      | Found a staircase to the Ecumenical Temple.
  4208 | D:5      | Entered Level 5 of the Dungeon
  4286 | D:5      | Noticed Sigmund
  4307 | D:5      | Killed Sigmund
  4307 | D:5      | Succumbed to Sigmund's poison

Illustrated notes

Levels and vault maps discovered:
D:1:      tarquinn_simple_flora_water_b, layout_basic, basic_ecumenical_altar,
          skrybe_limestone_x, minmay_misc_feat_pillars, serial_park_tiny_pond
D:2:      layout_loops_cross, serial_shops, nicolae_square_shop
D:3:      layout_loops_cross, serial_shops, shop
D:4:      layout_rooms, minmay_temple_entry_statues_pillars
D:5:      layout_gridville, fedhas_altar_2, uniq_eustachio, uniq_sigmund,
          uniq_menkaure

Skill      XL: |  1  2  3  4 |
---------------+-------------+-----
Unarmed Combat | 3 |  3.2
Conjurations   | 1 2 |  2.4
Spellcasting   | 1 |  1.4
Fighting       | 4 |  4.2
Maces & Flails | 1 |  1.6
Dodging        | |  2.9
Stealth        | |  1.7
Fire Magic     | |  0.9

Action                   |  1- 3 |  4- 6 || total
-------------------------+-------+-------++-------
Melee: Unarmed           |   105 |     3 ||   108
       Headbutt          |     9 |     5 ||    14
       Punch             |     1 |       ||     1
       Mace              |       |    38 ||    38
 Cast: Foxfire           |    41 |    47 ||    88
  Use: Potion            |       |     8 ||     8
 Stab: Sleeping          |     4 |       ||     4
Armor: Robe              |    15 |       ||    15
       Leather armour    |       |     9 ||     9
Dodge: Dodged            |    52 |    28 ||    80

Table legend: (Time is in decaauts)
 A = Elapsed time spent in this place.
 B = Non-inter-level travel time spent in this place.
 C = Inter-level travel time spent in this place.
 D = Time resting spent in this place.
 E = Time spent auto-exploring this place.
 F = Levels seen in this place.
 G = Mean time per level.
                   A        B        C        D        E       F      G
               +--------+--------+--------+--------+--------+-----+--------+
         Total |   4313 |   4072 |    241 |    946 |   2352 |   5 |  862.6 |
       Dungeon |   4313 |   4072 |    241 |    946 |   2352 |   5 |  862.6 |
               +--------+--------+--------+--------+--------+-----+--------+

Top non-repeatable levels by time:
     D:1: 1419 daAuts
     D:3: 1014 daAuts
     D:4: 942 daAuts
     D:2: 839 daAuts
     D:5: 98 daAuts
